Map: Praça Neon Violeta LE

Players

IagoAbreu

  • Race: Terran Terran
  • League: Silver
  • Spawn Location: 5:00

Bloody - Winner!

  • Race: Zerg Zerg
  • Spawn Location: 11:00

VOD

Have the link to the VOD?

Description

Time

  • Played on: March 9, 2018, 9:08 a.m.
  • Length: 5:42
Show
View Real Time Build Order
Export as new Build Order

IagoAbreu Terran 

Build Orders:  

Get SALT Encoding   

  12  0:13  SCV, Supply Depot  
  13  0:27  Supply Depot  
  13  0:29  SCV  
  14  0:47  SCV  
  14  0:49  Barracks  
  15  0:57  Refinery  
  15  0:59  SCV  
  16  1:13  Engineering Bay  
  16  1:15  SCV  
  17  1:47  Marine  
  17  1:50  Orbital Command  
  18  2:05  Marine, Barracks  
  19  2:09  Factory  
  19  2:18  SCV  
  19  2:22  Refinery  
  20  2:32  Bunker  
  20  2:36  SCV  
  21  2:39  Terran Infantry Weapons Level 1  
  21  2:45  Marine  
  21  2:50  SCV  
  23  3:07  Starport  
  23  3:15  Barracks Tech Lab  
  23  3:21  Barracks Reactor  
  23  3:34  SCV, Factory Reactor  
  24  3:39  Command Center  
  24  3:49  SCV  
  25  3:58  Starport Reactor  
  22  4:07  Marine x2  
Show
View Real Time Build Order
Export as new Build Order

Bloody Zerg - Winner!

Build Orders: Pool First 

Get SALT Encoding   

  12  0:01  Drone  
  13  0:13  Overlord  
  13  0:18  Drone  
  14  0:31  Drone x2  
  14  0:35  Drone  
  17  0:45  Extractor  
  17  0:47  Spawning Pool  
  15  0:53  Drone  
  15  0:56  Drone  
  17  1:16  Hatchery  
  16  1:20  Drone  
  17  1:33  Queen  
  17  1:39  Overlord  
  19  1:45  Zergling x2  
  20  1:51  Metabolic Boost  
  20  1:59  Zergling x4  
  22  2:02  Zergling x2  
  23  2:14  Queen  
  25  2:18  Zergling x2  
  26  2:23  Zergling x2  
  27  2:32  Baneling Nest, Zergling x2  
  27  2:36  Zergling x2  
  28  2:40  Zergling x2  
  28  2:44  Zergling x2  
  30  2:47  Zergling x2  
  31  2:52  Zergling x2  
  32  3:07  Zergling x6  
  32  3:08  Zergling x2  
  36  3:19  Baneling x4  
  36  3:20  Baneling x2  
  36  3:34  Baneling  
  36  3:59  Zergling x4  
  36  4:00  Overlord  
  36  4:01  Overlord x2  
  34  4:37  Lair  
  34  4:47  Drone  
  34  4:48  Drone x6  
  41  4:53  Extractor  
  41  4:54  Extractor  
  39  5:02  Extractor  
  39  5:05  Drone x2  
  40  5:09  Drone  
  40  5:10  Drone x3  
  40  5:11  Drone  
  45  5:20  Drone  
  46  5:22  Drone  
  46  5:25  Drone x3  
Tags
 
Add a new tag
Caveats
  • Supply blocks, unpowered buildings, or Contaminate may cause inaccurate times.
  • Supply counts are checked every 10 seconds.